 Dungeon Crawl Stone Soup version 0.28-a0-793-g31680bbd8b (webtiles) character file.

Game seed: 7026198702270793212

0 spiderkeys the Skirmisher (level 1, -1/14 HPs)
             Began as a Tengu Abyssal Knight on Nov 3, 2021.
             Was a Follower of Lugonu.
             Engulfed by a revenant's spectral mist (8 damage)
             ... on level 1 of the Abyss.
             The game lasted 00:00:18 (78 turns).

spiderkeys the Skirmisher (Tengu Abyssal Knight)      Turns: 78, Time: 00:00:19

Health: -1/14      AC:  3    Str: 13    XL:     1   Next: 0%
Magic:  3/3        EV: 11    Int: 10    God:    Lugonu [*.....]
Gold:   3          SH:  0    Dex: 14    Spells: 0/0 levels left

rFire   . . .      SeeInvis .   a - +1 spear
rCold   . . .      Faith    .   (no shield)
rNeg    . . .      Spirit   .   b - +0 leather armour
rPois   .          Reflect  .   (helmet restricted)
rElec   .          Harm     .   (no cloak)
rCorr   .          Rampage  .   (no gloves)
Will    .....                   (boots unavailable)
Stlth   +.........              (no amulet)
HPRegen 0.04/turn               (no ring)
MPRegen 0.08/turn               (no ring)

@: no status effects
A: beak, talons 3
a: Renounce Religion, Depart the Abyss


You were on level 1 of the Abyss.
You worshipped Lugonu.
Lugonu was aware of your devotion.
You visited 0 branches of the dungeon, and saw 0 of its levels.
You visited the Abyss 1 time.

You collected 3 gold pieces.


Innate Abilities, Weirdness & Mutations

You have a beak for a mouth.
You have claws for feet.


   Skills:
 + Level 3.0 Fighting
 + Level 2.1 Polearms
 + Level 2.1 Armour
 + Level 1.1 Dodging
 + Level 1.5 Invocations


You couldn't memorise any spells.
You didn't know any spells.
Your spell library was empty.

Inventory:

Hand Weapons
 a - a +1 spear (weapon)
Armour
 b - a +0 leather armour (worn)

Dungeon Overview and Level Annotations

Branches:
Dungeon (0/15)

Altars:

# ... #.#
#.#..########.#
#.###..##.. ..#
. #.#...4#
....#. ..#
#.4##....#....#
... #§☼#..#.#
#.#. ..
##Z###.#.# . #
#§###§§..#####
#.#.#
#§@§§###...
#..#.# #Z##z#
##....# .§.
.#.. .. #
....≈≈≈ #.#
#.....≈≈≈ ≈♣
.##.##.#. ≈ ##
#.#. . #. ##


You could see a revenant, a spectral spriggan defender (summoned) and a spectral
bunyip (summoned).


Message History

🤖 Initializing magus.rc ... ✅ Successfully initialized magus.rc [v1.9.10] Welcome, spiderkeys the Tengu Abyssal Knight.
Will you prevail where others failed? Will you find the Orb of Zot?
Lugonu says: Depart the Abyss and spread corruption, my servant! (use the ability menu to exit the Abyss) Press ? for a list of commands and other information.
Found a corrupted altar of Lugonu.
Found a gateway leading out of the Abyss.
There is a gateway leading out of the Abyss here.
You now have 3 gold pieces.
A small abomination comes into view.
The chaos spawn croaks.
A small abomination comes into view.
A revenant comes into view.
The revenant shouts!
Something shouts, "Begone, thou artless moldwarp gnoll-tail!"
A white imp comes into view.
The revenant conjures spectral mists around you.
The spectral mist engulfs you but does no damage.
You are engulfed in spectral mist.
Ouch! That really hurt!
* * * LOW HITPOINT WARNING * * *
The white imp is engulfed in spectral mist. 😨 HP[-7]
You take 7 damage, and now have 7/14 hp.
MASSIVE DAMAGE!! (PAUSE)
You hit the white imp.
You kill the white imp!
You are engulfed in spectral mist.
Ouch! That really hurt!
You die...

Action                   || total
-------------------------++-------
Melee: Spear             ||     1

Levels and vault maps discovered:
Abyss:1:  base: Temple, base:
Temple

Notes
Turn   | Place    | Note
-------+----------+-------------------------------------------
     0 | Abyss:1  | spiderkeys the Tengu Abyssal Knight began the quest for the
                  | Orb.
     0 | Abyss:1  | Reached XP level 1. HP: 14/14 MP: 3/3
     0 | Abyss:1  | magus.rc [v1.9.10]
    24 | Abyss:1  | Noticed a small abomination
    39 | Abyss:1  | Noticed a chaos spawn
    65 | Abyss:1  | Noticed a small abomination
    75 | Abyss:1  | Noticed a revenant
    77 | Abyss:1  | Noticed a spectral spriggan defender
    77 | Abyss:1  | Noticed a spectral bunyip
    78 | Abyss:1  | Engulfed by a revenant's spectral mist

Vanquished Creatures
  A white imp (Abyss:1)
1 creature vanquished.

Table legend:
 A = Non-vault XP
 B = Vault XP
 C = Vault XP percentage of total XP
 D = Non-vault monster count
 E = Vault monster count
 F = Vault count percentage of total count
                 A         B        C        D         E       F
            +---------+---------+-------+---------+---------+-------
      Total |       4 |       0 |   0.0 |       1 |       0 |   0.0
            +---------+---------+-------+---------+---------+-------
    Abyss:1 |       4 |       0 |   0.0 |       1 |       0 |   0.0
            +---------+---------+-------+---------+---------+-------

Illustrated notes

Table legend:
 A = Kills in this place as a percentage of kills in entire the game.
 B = Kills by you in this place as a percentage of kills by you in the entire game.
 C = Kills by friends in this place as a percentage of kills by friends in the entire game.
 D = Other kills in this place as a percentage of other kills in the entire game.
 E = Experience gained in this place as a percentage of experience gained in the entire game.
 F = Experience gained in this place divided by the number of levels of this place that you have seen.
                   A       B       C       D       E      F
               +-------+-------+-------+-------+-------+----------------------
         Total | 100.0 | 100.0 |   N/A |   N/A | 100.0 |   4.0
         Abyss | 100.0 | 100.0 |   N/A |   N/A | 100.0 |   4.0
               +-------+-------+-------+-------+-------+----------------------

Table legend: (Time is in decaauts)
 A = Elapsed time spent in this place.
 B = Non-inter-level travel time spent in this place.
 C = Inter-level travel time spent in this place.
 D = Time resting spent in this place.
 E = Time spent auto-exploring this place.
 F = Levels seen in this place.
 G = Mean time per level.
                   A        B        C        D        E       F      G
               +--------+--------+--------+--------+--------+-----+--------+
         Total |     78 |     78 |      0 |      0 |     23 |   1 |   78.0 |
         Abyss |     78 |     78 |      0 |      0 |     23 |   1 |   78.0 |
               +--------+--------+--------+--------+--------+-----+--------+

Top non-repeatable levels by time:
 Abyss:1: 78 daAuts
